 Dungeon Crawl Stone Soup version 0.21-a0-404-g291f19a (webtiles) character file.

253 Mamutox the Covert (level 5, -6/26 HPs)
             Began as a Spriggan Assassin on Oct 28, 2017.
             Killed by divine providence
             ... invoked by an orc priest
              (11 damage)
             ... on level 3 of the Dungeon.
             The game lasted 00:18:38 (2281 turns).

Mamutox the Covert (Spriggan Assassin)              Turns: 2281, Time: 00:18:39

Health: -6/26      AC:  3    Str:  7    XL:     5   Next: 90%
Magic:  9/9        EV: 18    Int: 13    God:
Gold:   111        SH:  0    Dex: 18    Spells: 8/8 levels left

rFire    . . .     SeeInvis +   b - +0 blowgun
rCold    . . .     Gourm    .   (shield restricted)
rNeg     . . .     Faith    .   c - +0 robe
rPois    .         Spirit   .   (helmet restricted)
rElec    .         Reflect  .   d - +0 cloak
rCorr    .         Harm     .   (gloves unavailable)
MR       .....                  (boots unavailable)
Stlth    ++++......             (no amulet)
HPRegen  0.08/turn              (no ring)
MPRegen  0.11/turn              (no ring)

@: very quick
A: unfitting armour, see invisible, herbivore 3, speed 3, slow metabolism 2
a: no special abilities


You were on level 3 of the Dungeon.
You were not hungry.

You visited 1 branch of the dungeon, and saw 3 of its levels.

You collected 111 gold pieces.

Inventory:

Hand Weapons
 a - a +2 dagger
 b - a +0 blowgun (weapon)
 o - a +2 vampiric dagger
Armour
 c - a +0 robe (worn)
 d - a +0 cloak (worn)
Scrolls
 j - a scroll of magic mapping
 l - a scroll of remove curse
 n - 3 scrolls of amnesia {unknown}
Potions
 e - a potion of ambrosia {unknown}
 h - 2 potions of degeneration {unknown}
 i - a potion of agility {unknown}
 k - 3 potions of invisibility {unknown}
 m - a potion of curing {unknown}
 p - a potion of might {unknown}
Comestibles
 g - a bread ration


   Skills:
 + Level 2.0 Fighting
 + Level 3.2 Short Blades
 + Level 3.3 Throwing
 + Level 2.7 Dodging
 + Level 8.1 Stealth
 - Level 2.3 Spellcasting


You had 8 spell levels left.
You didn't know any spells.

Dungeon Overview and Level Annotations

Branches:
Dungeon (3/15)

Altars:
Cheibriados
Hepliaklqana
Trog

Annotations:
D:3 Ijyb


Innate Abilities, Weirdness & Mutations

You are very small and have problems with some larger weapons.
You are too small for most types of armour.
You have supernaturally acute eyesight. (SInv)
You are a herbivore.
You cover ground extremely quickly.
You need consume almost no food.


Message History

f - 2 curare-tipped needles (gained 1)
The orc priest completely misses you.
You see here a meat ration.
Firing (i - inventory):
f - 2 curare-tipped needles (quivered)
Press: ? - help, Shift-Dir - straight line, f/p - orc priest
Aim: an orc priest, wielding a club (heavily wounded)
You shoot a curare-tipped needle.
The curare-tipped needle closely misses the orc priest.
Firing (i - inventory):
f - a curare-tipped needle (quivered)
Press: ? - help, Shift-Dir - straight line, f/p - orc priest
Aim: an orc priest, wielding a club (heavily wounded)
You shoot a curare-tipped needle.
The curare-tipped needle barely misses the orc priest.
The orc priest invokes the aid of Beogh against you.
Beogh smites you!
Ouch! That really hurt!
* * * LOW HITPOINT WARNING * * *
The orc priest invokes the aid of Beogh against you.
Beogh smites you!
You die...

#....#o# #.#
#......# #.#
#.....## #.# #.....#
#÷# #.##..# #.##
#..#..### #...
###.##...# ##..#
#....<...#######...#
#..@..............##
#...o....##.......#
#.......(##.(.(.#.#
#........##.....#)#
#.o....†.##.....#.#
#........##.....#.#
#....%..^##.......#
#........##......###
################.#.†


You could see an orc priest and an orc.

Vanquished Creatures
  Sigmund (D:2)
  An orc priest (D:3)
  Terence (D:2)
  A dart slug (D:2)
  3 leopard geckos
  7 orcs (D:3)
  2 giant cockroaches (D:3)
  2 goblins (D:1)
  5 hobgoblins
  6 kobolds
  2 quokkas
  A ball python zombie (D:1)
  4 bats
  A giant cockroach zombie (D:1)
  4 rats
41 creatures vanquished.

Notes
Turn   | Place    | Note
-------+----------+-------------------------------------------
     0 | D:1      | Mamutox the Spriggan Assassin began the quest for the Orb.
     0 | D:1      | Reached XP level 1. HP: 10/10 MP: 2/2
    30 | D:1      | Reached skill level 6 in Stealth
   376 | D:1      | Reached XP level 2. HP: 14/14 MP: 3/3
  1046 | D:2      | Noticed Sigmund
  1086 | D:2      | Killed Sigmund
  1086 | D:2      | Reached skill level 7 in Stealth
  1086 | D:2      | Reached XP level 3. HP: 18/18 MP: 3/7
  1086 | D:2      | Reached XP level 4. HP: 23/23 MP: 3/8
  1086 | D:2      | Reached XP level 5. HP: 26/26 MP: 3/9
  1128 | D:2      | Noticed Terence
  1368 | D:2      | Found a bloodstained altar of Trog.
  1377 | D:2      | Found a hazy altar of Hepliaklqana.
  1385 | D:2      | Found a snail-covered altar of Cheibriados.
  1585 | D:2      | Killed Terence
  2092 | D:3      | Noticed Ijyb
  2256 | D:3      | Reached skill level 8 in Stealth
  2281 | D:3      | Killed from afar by an orc priest

Vault maps used:
D:1:      saegor_arrival_fortress
D:2:      grunt_temple_overflow_diamond, uniq_terence, uniq_sigmund
D:3:      uniq_ijyb

Skill      XL: |  1  2  3  4  5 |
---------------+----------------+-----
Stealth        | 6 7 8 |  8.1
Dodging        | 2 |  2.7
Spellcasting   | 2 |  2.3
Throwing       | 3 |  3.3
Short Blades   | 3 |  3.2
Fighting       | 2 |  2.0

Action                   |  1- 3 |  4- 6 || total
-------------------------+-------+-------++-------
Melee: Dagger            |    36 |    96 ||   132
 Fire: Blowgun           |    10 |    20 ||    30
  Use: Scroll            |       |     3 ||     3
 Stab: Sleeping          |     3 |     5 ||     8
       Distracted        |     1 |     1 ||     2
Armor: Robe              |     3 |     9 ||    12
Dodge: Dodged            |    30 |    61 ||    91

Table legend:
 A = Spawn XP
 B = Non-spawn XP
 C = Spawn XP percentage of total XP
 D = Spawn monster count
 E = Non-spawn monster count
 F = Spawn count percentage of total count
 G = Total turns spent on level
                    A         B        C        D         E        F      G
               +---------+---------+-------+---------+---------+-------+---------
         Total |       0 |     362 |   0.0 |       0 |      41 |   0.0 |  2281
               +---------+---------+-------+---------+---------+-------+---------
           D:1 |       0 |      24 |   0.0 |       0 |      14 |   0.0 |  1004
           D:2 |       0 |     251 |   0.0 |       0 |       8 |   0.0 |   722
           D:3 |       0 |      87 |   0.0 |       0 |      19 |   0.0 |   555
               +---------+---------+-------+---------+---------+-------+---------
